 Dungeon Crawl Stone Soup version 0.16-a0-3303-g3c4fcab (webtiles) character file.

606443 RobertPalmer the Cardsharp (level 27, -5/195 (197) HPs)
             Began as an Octopode Artificer on Dec 17, 2014.
             Was a High Priest of Nemelex Xobeh.
             Splashed by a yellow draconian monk's acid (18 damage)
             ... on level 5 of the Realm of Zot on Dec 25, 2014.
             The game lasted 06:50:11 (98229 turns).

RobertPalmer the Cardsharp (Octopode Artificer)    Turns: 98229, Time: 06:50:13

HP:   -5/195 (197)  AC: 10    Str: 13    XL:     27
MP:   0/45          EV: 38    Int: 18    God:    Nemelex Xobeh [*****.]
Gold: 1131          SH:  9    Dex: 29    Spells: 10 memorised, 1 level left

rFire  + . .     SeeInvis +     a - +9 whip (elec)
rCold  + + .     Clarity  .     F - +2 buckler of Dishonour {+Blink MR++ SInv}
rNeg   + . .     SustAb   +     w - +2 hat of the Bear Spirit {Spirit, +Rage rN+ MR++}
rPois  +         Gourm    .     s - amulet of resist mutation
rElec  .         Spirit   +     t - ring of Ynysuneg {AC+6 Str+5 Int+2}
rCorr  .         Warding  .     x - +3 ring of dexterity
rMut   +         Stasis   .     l - ring of the Devil {SustAb rC+ Slay+2}
MR     +++++                    r - ring of protection from cold
Stlth  ++++++....               N - ring of poison resistance
                                W - +2 ring of protection
                                K - +4 ring of protection
                                z - ring of protection from fire

@: especially stealthy, darkness, corroded equipment, almost entirely resistant
to hostile enchantments, very stealthy
A: almost no armour, amphibious, 8 rings, constrict 8, camouflage 1, sense
surroundings 1, gelatinous body 1, forlorn
a: Triple Draw, Deal Four, Stack Five, Renounce Religion, Evoke Blink, Evoke
Berserk Rage
}: 3/15 runes: serpentine, barnacled, silver


You were on level 5 of the Realm of Zot.
You worshipped Nemelex Xobeh.
Nemelex Xobeh was extremely pleased with you.
You were not hungry.

You visited 9 branches of the dungeon, and saw 55 of its levels.
You visited the Abyss 1 time.
You visited 1 bazaar.
You also visited: Ice Cave.

You collected 7814 gold pieces.
You spent 6683 gold pieces at shops.


Innate Abilities, Weirdness & Mutations

You cannot wear most types of armour.
You are amphibious.
You can wear up to eight rings at the same time.
You can use your tentacles to constrict many enemies at once.
Your skin changes colour to match your surroundings (Stealth).
Your rubbery body absorbs attacks (AC +1).
You passively map a small area around you.
You have difficulty communicating with the divine.


   Skills:
 - Level 18.7 Fighting
   Level 1.0 Short Blades
 - Level 12.6 Maces & Flails
 - Level 23.3 Dodging
 - Level 1.3 Stealth
 - Level 5.0 Shields
 - Level 14.0 Spellcasting
 - Level 7.7 Charms
 + Level 18.9 Necromancy
 O Level 27 Evocations


You had one spell level left.
You knew the following spells:

 Your Spells              Type           Power        Failure   Level  Hunger
d - Repel Missiles        Chrm/Air       ####..       1%          2    None
g - Regeneration          Chrm/Necr      ######....   1%          3    None
h - Haste                 Chrm           #####...     38%         6    #####..
u - Haunt                 Necr/Summ      #####.....   91%         7    #######
y - Death Channel         Necr           ######....   1%          6    #####..
J - Death's Door          Chrm/Necr      ######....   98%         8    #######
L - Borgnjor's Revivific  Necr           ######....   17%         8    #######
M - Necromutation         Trmt/Necr      #####.....   100%        8    #######
O - Animate Skeleton      Necr           N/A          0%          1    None
X - Animate Dead          Necr           N/A          1%          4    None

Inventory:

Hand weapons
 a - a +9 whip of electrocution (weapon)
 h - the +9 hammer of Fragile Peace {antimagic, -Tele rC+ Int+2}
   (You found it on level 4 of the Dungeon)

   It disrupts the flow of magical energy around spellcasters and certain
   magical creatures (including the wielder).
   It affects your intelligence (+2).
   It protects you from cold.
   It prevents most forms of teleportation.
Armour
 v - a +0 cloak of invisibility
 w - the +2 hat of the Bear Spirit (worn) {Spirit, +Rage rN+ MR++}
   (You bought it in a shop in a bazaar)

   It protects you from negative energy.
   It affects your resistance to hostile enchantments.
   It lets you go berserk.
 F - the +2 buckler of Dishonour (worn) {+Blink MR++ SInv}
   (You took it off a gnoll on level 7 of the Dungeon)

   It affects your resistance to hostile enchantments.
   It enhances your eyesight.
   It lets you blink.
 G - a cursed +0 cloak
Rods
 b - a +9 iron rod (17/17)
   (You acquired it on level 7 of the Dungeon)
 c - a +7 rod of destruction (16/16) {!a}
   (You found it on level 14 of the Dungeon)
 d - a +8 lightning rod (13/13) {!a}
   (You acquired it on level 15 of the Dungeon)
 e - a +6 rod of inaccuracy (12/12) {!a}
   (You took it off a merfolk javelineer on level 4 of the Shoals)
Jewellery
 l - the ring of the Devil (on tentacle) {SustAb rC+ Slay+2}
   (You found it on level 2 of the Depths)

   [ring of sustain abilities]

   It sustains your strength, intelligence and dexterity.
   It affects your accuracy and damage with ranged weapons and melee attacks
   (+2).
   It protects you from cold.
 r - a ring of protection from cold (on tentacle)
 s - an amulet of resist mutation (around mantle)
 t - the ring of Ynysuneg (left tentacle) {AC+6 Str+5 Int+2}
   (You found it on level 1 of the Depths)

   [ring of protection]

   It affects your AC (+6).
   It affects your strength (+5).
   It affects your intelligence (+2).
 x - a +3 ring of dexterity (right tentacle)
 z - a ring of protection from fire (on tentacle)
 K - a +4 ring of protection (on tentacle)
 N - a ring of poison resistance (on tentacle)
 W - a +2 ring of protection (on tentacle)
 Y - an uncursed amulet of faith {!P}
Magical devices
 k - a wand of hasting (1) {!d}
 R - a wand of teleportation (6) {!d}
Scrolls
 y - 15 scrolls of remove curse
 B - 4 scrolls of teleportation
 M - 2 scrolls of blinking
 O - 6 scrolls of fog
 X - 7 scrolls of magic mapping
Potions
 n - 3 potions of might
 p - 22 potions of curing
 u - 8 potions of restore abilities
 D - 8 potions of haste
 H - 7 potions of agility
 L - a potion of brilliance
 Q - 7 potions of cure mutation
 T - 3 potions of cancellation
Books
 j - a tome of Destruction
Miscellaneous
 i - an ornate deck of war {drawn: 2}
 m - a legendary deck of destruction {drawn: 1}
 o - a legendary deck of destruction {drawn: 1}
 q - a legendary deck of war {drawn: 4}
 A - a legendary deck of destruction {drawn: 7}
 C - a legendary deck of destruction {drawn: 2}
 E - a legendary deck of escape {drawn: 2}
 I - 2 phantom mirrors
 P - a sack of spiders {used: 1}
 S - a phial of floods
 U - a legendary deck of destruction {drawn: 2}
 V - a phial of floods
 Z - a plain deck of war {drawn: 1}
Comestibles
 f - 3 bread rations
 g - 21 meat rations
 J - 56 fruits

Dungeon Overview and Level Annotations

Branches:
Dungeon (15/15)            Temple (0/1) D:5            Lair (8/8) D:8
 Shoals (5/5) Lair:4        Snake (5/5) Lair:3        Slime (0/6) Lair:7
    Orc (4/4) D:10            Elf (3/3) Orc:3        Vaults (5/5) D:14
 Depths (5/5) D:15            Zot (5/5) Depths:5
  Crypt: Vaults:2-3

Altars:
Cheibriados
Dithmenos
Elyvilon
Fedhas
Gozag
Kikubaaqudgha
Nemelex Xobeh
Qazlal
Ru
Sif Muna
Vehumet
Yredelemnul
Beogh
Jiyva
Lugonu

Shops:
D:9 [   Orc:1 [   Orc:3 ?[*:   Orc:4 =([[   Elf:2 ?   Elf:3 =   Shoals:1 *
Shoals:4 :   Snake:1 *   Vaults:2 }

Portals:
Hell: Depths:1 Depths:2 Depths:3 Depths:4 Depths:5
Abyss: Depths:3 Depths:4 Depths:5
Pandemonium: Depths:1 Depths:2 Depths:3
Ziggurat: Depths:3

Annotations:
D:3 Johnny's ghost, average HuHu
D:4 Crazy Yiuf
D:8 exclusion: statue
D:11 exclusion: oklob sapling
D:14 runed door
Elf:2 runed door
Depths:2 runed door

▓.............. ...▓#*
▓.............., ▓▓
▓▓.....##▓▓▓▓▓▓▓▓▓▓▓#
#.....)........)....###
#................##....##
..................###...####
..........qu........###......
..........(.^.......# ##.....
..........@ux...^...# #.....
#....................# ##....
#.......^............# #....
#.........^..........# ##....
#.......)..........## #.....
##..^.............## ##.....
##..............## #......
################ #######
#..##....# ##.8.##.


You could see a yellow draconian monk, a friendly red very ugly thing, a
friendly white ugly thing, a friendly executioner's axe of electrocution and the
friendly RobertPalmer's illusion.


Message History

The yellow draconian monk tail-slaps you!
* * * LOW HITPOINT WARNING * * *
The yellow draconian monk spits acid at you.
The splash of acid hits you!
The acid burns!
* * * LOW HITPOINT WARNING * * *
Use which ability? (? or * to list)
You don't have enough magic at the moment.
Read which item? (? for menu, Esc to quit)
Your blink will be uncontrolled - continue anyway?
As you read the scroll of blinking, it crumbles to dust.
A powerful magic interferes with your control of the blink.
You blink.
You hear a distant "Zot"!
Unknown command.
Evoke which item? (* to show all) (? for menu, Esc to quit)
You draw a card...
It is Repulsiveness.
You hear a distant "Zot"!
Evoke which item? (* to show all) (? for menu, Esc to quit)
You draw a card...
It is the Dance.
Evoke which item? (* to show all) (? for menu, Esc to quit)
You draw a card...
It is the Shadow.
You feel stealthy.
It gets dark.
Evoke which item? (* to show all) (? for menu, Esc to quit)
You draw a card...
It is the Illusion.
Suddenly you stand beside yourself.
The yellow draconian monk spits acid at you.
The splash of acid hits you!
* * * LOW HITPOINT WARNING * * *
The acid corrodes your equipment!
The acid burns!
You die...
Your body glows slightly and disappears.

Action                   |  1- 3 |  4- 6 |  7- 9 | 10-12 | 13-15 | 16-18 | 19-21 | 22-24 | 25-27 || total
-------------------------+-------+-------+-------+-------+-------+-------+-------+-------+-------++-------
Melee: Short sword       |    89 |    31 |       |       |       |       |       |       |       ||   120
       Flail             |       |    59 |       |       |       |       |       |       |       ||    59
       Hammer            |       |    18 |   217 |   495 |   977 |   733 |    43 |   176 |   165 ||  2824
       Whip              |       |       |       |       |       |       |  1389 |  1095 |  1054 ||  3538
 Fire: Blowgun           |       |       |       |    35 |    13 |       |       |       |       ||    48
Throw: Tomahawk          |       |       |       |     2 |       |       |       |       |       ||     2
       Throwing net      |       |       |       |     3 |     1 |       |     1 |       |       ||     5
 Cast: Animate Skeleton  |       |       |       |       |    15 |   118 |    46 |    40 |    32 ||   251
       Regeneration      |       |       |       |       |       |     9 |     6 |     2 |     6 ||    23
       Animate Dead      |       |       |       |       |       |    17 |    86 |    65 |    58 ||   226
       Cigotuvi's Embrac |       |       |       |       |       |     3 |       |       |       ||     3
       Repel Missiles    |       |       |       |       |       |       |     4 |     1 |     2 ||     7
Invok: Triple Draw       |       |       |       |       |     1 |       |       |     2 |       ||     3
 Abil: Evoke Blink       |       |       |       |     5 |     4 |     8 |     2 |     3 |     3 ||    25
Evoke: Wand              |     1 |     1 |    33 |    29 |    24 |     8 |     5 |    12 |     2 ||   115
       Deck              |       |       |     4 |    27 |    21 |    94 |    82 |    78 |    56 ||   362
       Rod               |       |       |     5 |    58 |   117 |   243 |   208 |   147 |   226 ||  1004
       tome              |       |       |       |       |       |       |     6 |     2 |       ||     8
       Stone of tremors  |       |       |       |       |       |       |       |     1 |       ||     1
       Phial of floods   |       |       |       |       |       |       |       |     1 |       ||     1
       Sack of spiders   |       |       |       |       |       |       |       |       |     1 ||     1
       Phantom mirror    |       |       |       |       |       |       |       |       |     1 ||     1
  Use: Potion            |       |     2 |     2 |     6 |     8 |     4 |     4 |     5 |     7 ||    38
       Scroll            |       |     8 |     5 |    13 |    25 |    15 |    13 |    11 |     8 ||    98
 Stab: Sleeping          |     6 |     8 |     9 |    23 |    16 |    10 |    15 |     7 |     3 ||    97
       Distracted        |       |       |     1 |     2 |     3 |    13 |    21 |    14 |    21 ||    75
       Petrified         |       |       |       |       |     1 |     2 |       |       |       ||     3
       Confused          |       |       |       |       |       |       |     2 |       |       ||     2
       Invisible         |       |       |       |       |       |       |     1 |       |       ||     1
  Eat: Chunk             |     2 |    10 |    16 |    35 |    51 |    46 |    65 |    41 |    30 ||   296
       Royal jelly       |       |       |     1 |     8 |     7 |     1 |     1 |     1 |     3 ||    22
       Pizza             |       |       |       |     1 |       |     2 |     1 |       |       ||     4
       Beef jerky        |       |       |       |     3 |     5 |       |     3 |       |     2 ||    13
       Fruit             |       |       |       |       |     1 |     5 |     3 |     5 |     3 ||    17
       Bread ration      |       |       |       |       |     2 |     8 |     3 |     4 |     8 ||    25
       Meat ration       |       |       |       |       |       |       |     2 |       |       ||     2

Vault maps used:
D:1:      lemuel_arrival_broad_hall
D:2:      cheibriados_altar_1, serial_forest, infiniplex_forest_end_2,
          infiniplex_forest_clump_small, infiniplex_forest_end_2,
          infiniplex_forest_lined_room_2, infiniplex_forest_straight_3,
          infiniplex_forest_lined_2, minmay_rat_gold_closets
D:3:      nicolae_ru_sacrificial_ziggurat, first_bread,
          hangedman_feature_mirror, kennysheep_generic_room_7
D:4:      uniq_crazy_yiuf_cottage, uniq_eustachio
D:5:      grunt_temple_overflow_forces_of_nature, lemuel_crystal_altar,
          kennysheep_little_box, minmay_temple_entry_statues_pillars
D:6:      grunt_dithmenos_smoke_and_mirrors, minmay_misc_feat_tiny,
          eino_curves_03, uniq_blork_the_orc, uniq_sigmund
D:7:      kennysheep_mini, uniq_menkaure
D:8:      vehumet_statue, kennysheep_vampire_church, kennysheep_mini_moat,
          dpeg_lair_monsters, hex_medium
D:9:      kennysheep_big_flooded_room, serial_shops, shop, uniq_maurice
D:10:     dpeg_oklobed_lair, hiddenorc1_lemuel, basic_altar, uniq_joseph,
          uniq_psyche
D:11:     hangedman_tree_tricks
D:12:     roderic_cross_of_infinity
D:13:     minmay_misc_feat_square, hangedman_decor_push
D:14:     due_megacathedral, grunt_vaults_entry_tiered, serial_shops,
          bzr_firewalk, serial_bayou_pond_e
D:15:     grunt_enter_depths_giant_problem, roderic_lattice_a, uniq_azrael
Lair:1:   special_room, grunt_megastairs_3, serial_bayou_shore_a
Lair:2:   kennysheep_rathole, portal_ice_cave_entry_ice_beasts,
          bh_autumn_forest_stairs
Lair:3:   minmay_snake_entry_guardpost_large, grunt_megastairs_1,
          lemuel_fruit_tree
Lair:4:   shoals_dummy_entry
Lair:6:   pond, grunt_megastairs_4
Lair:7:   dpeg_slime_entry_enclosed_altar, infiniplex_staircase_pool_2
Lair:8:   grunt_lair_end_beastmaster, serial_bayou_shore_b, grunt_megastairs_5
Shoals:1: serial_shops, shop_coins
Shoals:2: uniq_norris
Shoals:4: serial_shops, shop, nicolae_shoals_hunting_party
Shoals:5: shoals_end_simple, shoal_ilsuiw
Snake:1:  serial_shops, nicolae_shop_stone, grunt_megastairs_2
Snake:2:  basic_stair_grate_trap
Snake:4:  nicolae_aizul_guard
Snake:5:  minmay_snake_end_coiled, grunt_ministairs_12
Orc:1:    serial_shops, nicolae_shop_trees, shop, shop_statue, basic_altar,
          library_closet
Orc:2:    uniq_grum
Orc:3:    orc_temple, serial_shops, shop,
          nicolae_shop_temple_entry_statues_fountains, shop, nicolae_shop_trees,
          nicolae_orc_pool_cavern
Orc:4:    nicolae_orc_accident_1, grunt_orc_community_town_hall,
          grunt_orc_community_big_house_2, grunt_orc_community_big_house_2,
          grunt_orc_community_house_3, grunt_orc_community_house_2,
          grunt_orc_community_house_2, grunt_orc_community_house_1,
          grunt_orc_community_house_2
Elf:1:    eino_elf_arrival_shootout, minmay_elf_necromancy
Elf:2:    serial_shops, shop
Elf:3:    grunt_elf_hall_branching, serial_shops, shop, st_stairs_7,
          minivault_23, lemuel_flamethrower_2
Vaults:1: hangedman_vaults_nodes, st_spiral_rooms, vaults_dpeg_diagonal,
          nicolae_vaults_alarming
Vaults:2: hangedman_vaults_locks, dpeg_vaults_monster_row,
          grunt_vaults_diagonal, v_alt_pattern_5, vaults_room_large_hall,
          nicolae_vaults_shelves_hall, v_alt_pattern_1, vaults_room_corners,
          ontoclasm_vaults_claustrophobia, hangedman_vaults_nails, serial_shops,
          nicolae_shop_statue_plus, uniq_mara, uniq_asterion, uniq_xtahua
Vaults:3: vaults_room_boxed, nicolae_vaults_quartermaster,
          nicolae_vaults_stairing_the_circle, minmay_crypt_entry_simple_plaza,
          grunt_vaults_funnel, v_misc_3, vaults_room_grid, v_misc_30,
          vaults_mumra_chevron, hangedman_vaults_stretched_pinwheel, v_misc_10,
          nicolae_vaults_ring_of_whatevers, ontoclasm_vaults_ring_square,
          uniq_agnes
Vaults:4: v_misc_3, v_alt_pattern_3, vaults_room_ringed_pool,
          hangedman_vaults_river_flow, v_misc_1, nicolae_vaults_an_arrangement,
          ontoclasm_vaults_fault, hangedman_vaults_snaps, v_misc_11,
          nicolae_vaults_what_the_h, v_alt_pattern_4, stair_cage_open
Depths:1: rand_demon_pan_entry_8, wad_floor_pattern_1,
          pf_vacation_house_of_asmodeus, horrible_house_mu,
          infiniplex_staircase_pool_lava
Depths:2: minmay_expanding_circles, hex_intersection, grunt_pan_entry_sceptre,
          serial_sigils, serial_sigils_hangedman_leer,
          serial_sigils_hangedman_gut, serial_sigils_hangedman_quiver,
          serial_sigils_hangedman_snap, serial_sigils_hangedman_scratch,
          pf_coc_iceberg, minmay_protected_statue
Depths:3: spider_temple_joshua, enter_ziggurat_f, hell_entry, pan_entry,
          abyss_entry, grunt_decor_one_mirror, grunt_ministairs_10,
          evilmike_bad_box, minmay_staircase_bubble, uniq_saint_roka
Depths:4: onia_ninara_swampy_vault, abyss_entry_flame_altar, hell_entry,
          minmay_strange_pillars, uniq_jorgrun
Depths:5: grunt_zot_entry_hairpin, grunt_decor_arrowhead, abyss_entry,
          hell_entry, serial_bayou_shore_b, serial_bayou_shore_b,
          basic_stair_grate_trap
Zot:1:    minmay_elemental_castle
Zot:3:    stair_cage_wide
Zot:4:    circus_mu
Abyss:1:  hangedman_abyss_or_decor_lesser_grid
Bazaar:   bazaar_short_row
IceCv:    ice_cave_tombish

Notes
Turn   | Place    | Note
--------------------------------------------------------------
     0 | D:1      | RobertPalmer, the Octopode Artificer, began the quest for the Orb.
     0 | D:1      | Reached XP level 1. HP: 13/13 MP: 1/1
    99 | D:1      | Reached skill level 4 in Evocations
    99 | D:1      | Reached XP level 2. HP: 18/18 MP: 3/3
   724 | D:1      | Reached XP level 3. HP: 23/23 MP: 5/5
   868 | D:2      | Found a snail-covered altar of Cheibriados.
   967 | D:2      | Reached skill level 5 in Evocations
  1437 | D:2      | Reached XP level 4. HP: 24/28 MP: 7/7
  2057 | D:2      | Reached skill level 6 in Evocations
  2299 | D:3      | Noticed Johnny's ghost (average HuHu)
  2835 | D:3      | Reached skill level 1 in Maces & Flails
  2946 | D:3      | Reached XP level 5. HP: 14/33 MP: 10/10
  3210 | D:3      | Found a sacrificial altar of Ru.
  3448 | D:4      | Reached skill level 2 in Maces & Flails
  3702 | D:4      | Reached skill level 3 in Maces & Flails
  3725 | D:4      | HP: 3/33 [poisoned by a worker ant]
  3733 | D:4      | HP: 2/33 [poisoned by a worker ant]
  4223 | D:4      | Noticed Crazy Yiuf
  4234 | D:4      | Got a brightly glowing hammer
  4253 | D:4      | Identified the +9 hammer of Fragile Peace {antimagic, -Tele rC+ Int+2} (You found it on level 4 of the Dungeon)
  4504 | D:4      | Reached XP level 6. HP: 32/38 MP: 4/12
  4648 | D:4      | Reached skill level 4 in Maces & Flails
  4754 | D:4      | Noticed Eustachio
  4761 | D:4      | Killed Eustachio
  4761 | D:4      | Reached skill level 5 in Maces & Flails
  4898 | D:5      | Entered Level 5 of the Dungeon
  4903 | D:4      | Reached XP level 7. HP: 40/43 MP: 4/14
  4992 | D:5      | Noticed a water moccasin
  4999 | D:5      | Killed a water moccasin
  4999 | D:5      | Reached skill level 6 in Maces & Flails
  5363 | D:5      | Found a sparkling altar of Nemelex Xobeh.
  5378 | D:5      | Reached skill level 7 in Maces & Flails
  5381 | D:5      | Became a worshipper of Nemelex Xobeh the Trickster
  5534 | D:5      | Received a gift from Nemelex Xobeh
  5578 | D:5      | Reached XP level 8. HP: 18/48 MP: 5/16
  6037 | D:5      | Found a basalt altar of Yredelemnul.
  6041 | D:5      | Reached skill level 8 in Maces & Flails
  6108 | D:5      | Found a stormy altar of Qazlal.
  6113 | D:5      | Found a blossoming altar of Fedhas.
  6149 | D:5      | Found a staircase to the Ecumenical Temple.
  6471 | D:6      | Noticed Sigmund
  6484 | D:6      | Killed Sigmund
  6574 | D:6      | Reached skill level 9 in Maces & Flails
  6626 | D:6      | Noticed Blork the orc
  6634 | D:6      | Killed Blork the orc
  6770 | D:6      | Found a shadowy altar of Dithmenos.
  6949 | D:6      | Reached skill level 7 in Evocations
  7373 | D:6      | Reached skill level 8 in Evocations
  7373 | D:6      | Reached XP level 9. HP: 49/53 MP: 6/20
  7651 | D:7      | Identified a wand of hasting
  7709 | D:7      | Reached skill level 9 in Evocations
  7930 | D:7      | Noticed Menkaure
  7934 | D:7      | Killed Menkaure
  8032 | D:7      | Received a gift from Nemelex Xobeh
  8343 | D:7      | Reached skill level 10 in Evocations
  8808 | D:7      | Found a white marble altar of Elyvilon.
  8921 | D:7      | Reached skill level 1 in Shields
  8930 | D:7      | Got a faintly humming buckler
  8931 | D:7      | Identified the +2 buckler of Dishonour {+Blink MR++ SInv} (You took it off a gnoll on level 7 of the Dungeon)
  9132 | D:7      | Identified a scroll of acquirement
  9135 | D:7      | Identified a +4 iron rod (11/11) (You acquired it on level 7 of the Dungeon)
  9473 | D:8      | Found an ancient bone altar of Kikubaaqudgha.
  9483 | D:8      | Reached skill level 11 in Evocations
  9665 | D:8      | Found a radiant altar of Vehumet.
  9746 | D:8      | Found a staircase to the Lair.
  9784 | D:8      | Found an opulent altar of Gozag.
  9834 | D:8      | Reached skill level 12 in Evocations
  9834 | D:8      | Reached XP level 10. HP: 58/58 MP: 7/24
 10216 | D:8      | Reached skill level 13 in Evocations
 10725 | D:9      | Received a gift from Nemelex Xobeh
 10942 | D:9      | Found Khieppiu's Armour Shop.
 10944 | D:9      | Noticed Maurice
 11034 | D:9      | Killed Maurice
 11034 | D:9      | Reached skill level 14 in Evocations
 11272 | D:9      | Reached skill level 3 in Dodging
 11299 | D:9      | Reached skill level 4 in Dodging
 11632 | D:9      | Reached skill level 5 in Dodging
 11643 | D:9      | Reached skill level 6 in Dodging
 11776 | D:9      | Reached XP level 11. HP: 55/63 MP: 11/27
 11862 | D:9      | Reached skill level 7 in Dodging
 12434 | D:9      | Noticed a hill giant
 12558 | D:9      | Killed a hill giant
 12823 | D:9      | Reached skill level 8 in Dodging
 12895 | D:10     | Entered Level 10 of the Dungeon
 13241 | D:10     | Found a blossoming altar of Fedhas.
 13432 | D:10     | Noticed Psyche
 13438 | D:10     | Killed Psyche
 13606 | D:10     | Found a staircase to the Lair.
 13685 | D:10     | Reached skill level 9 in Dodging
 14277 | D:10     | Noticed Joseph
 14294 | D:10     | Killed Joseph
 14294 | D:10     | Reached skill level 10 in Dodging
 14443 | D:10     | Found a staircase to the Orcish Mines.
 14558 | D:8      | Reached skill level 2 in Shields
 14593 | Lair:1   | Entered Level 1 of the Lair of Beasts
 14605 | Lair:1   | Noticed Miyamura's ghost (powerful TrWz)
 14651 | Lair:1   | Killed Miyamura's ghost
 14651 | Lair:1   | Reached skill level 3 in Shields
 14944 | Lair:1   | Reached skill level 4 in Shields
 15002 | Lair:1   | Reached skill level 5 in Shields
 15040 | Lair:1   | Reached skill level 2 in Fighting
 15102 | Lair:1   | Reached skill level 3 in Fighting
 15105 | Lair:1   | Reached XP level 12. HP: 40/72 MP: 13/28
 15148 | Lair:1   | Reached skill level 4 in Fighting
 15456 | Lair:1   | Acquired Nemelex Xobeh's first power
 15456 | Lair:1   | Received a gift from Nemelex Xobeh
 16055 | Lair:2   | Found a frozen archway.
 16063 | Lair:2   | Reached skill level 5 in Fighting
 16211 | IceCv    | Entered an ice cave
 16333 | IceCv    | Reached skill level 6 in Fighting
 17084 | IceCv    | Reached skill level 7 in Fighting
 17208 | IceCv    | Received a gift from Nemelex Xobeh
 17273 | IceCv    | HP: 8/81 [ice devil (24)]
 18005 | IceCv    | Reached skill level 10 in Maces & Flails
 18313 | Lair:2   | Noticed a four-headed hydra
 18318 | Lair:2   | Killed a four-headed hydra
 19576 | Lair:2   | Received a gift from Nemelex Xobeh
 19740 | Lair:3   | Acquired Nemelex Xobeh's second power
 20038 | Lair:3   | Reached skill level 15 in Evocations
 20315 | Lair:3   | Noticed an eight-headed hydra
 20323 | Lair:3   | Killed an eight-headed hydra
 20661 | Lair:3   | Noticed a naga warrior
 20817 | Lair:3   | Found a staircase to the Snake Pit.
 20821 | Lair:3   | Killed a naga warrior
 20821 | Lair:3   | Reached skill level 16 in Evocations
 20821 | Lair:3   | Reached XP level 13. HP: 86/86 MP: 10/30
 21791 | Lair:4   | Found a staircase to the Shoals.
 22188 | Lair:4   | Received a gift from Nemelex Xobeh
 22444 | Lair:4   | Reached skill level 17 in Evocations
 24196 | Lair:6   | Acquired Nemelex Xobeh's third power
 24196 | Lair:6   | Received a gift from Nemelex Xobeh
 24575 | Lair:6   | Got a pair of faintly humming boots
 24696 | Lair:6   | Reached skill level 11 in Maces & Flails
 25560 | Lair:7   | Received a gift from Nemelex Xobeh
 26012 | Lair:7   | Reached skill level 12 in Maces & Flails
 26432 | Lair:7   | Reached XP level 14. HP: 92/92 MP: 19/32
 26458 | Lair:7   | Found a viscous altar of Jiyva.
 26458 | Lair:7   | Found a staircase to the Slime Pits.
 26627 | Lair:8   | Entered Level 8 of the Lair of Beasts
 27211 | Lair:8   | Received a gift from Nemelex Xobeh
 27248 | Lair:8   | Reached skill level 18 in Evocations
 28142 | Lair:8   | Reached skill level 19 in Evocations
 28154 | Lair:8   | Your ally RobertPalmer died
 29582 | D:11     | Received a gift from Nemelex Xobeh
 30070 | D:11     | Found a blossoming altar of Fedhas.
 30478 | D:12     | Reached skill level 11 in Dodging
 31417 | D:13     | Received a gift from Nemelex Xobeh
 31447 | D:13     | Reached XP level 15. HP: 53/97 MP: 11/34
 32023 | D:13     | Reached skill level 12 in Dodging
 32348 | D:14     | Received a gift from Nemelex Xobeh
 32496 | D:14     | Found a flickering gateway to a bazaar.
 32510 | Bazaar   | Entered a bazaar
 32523 | Bazaar   | Received a gift from Nemelex Xobeh
 32526 | Bazaar   | Found Klue's Book Emporium.
 32545 | Bazaar   | Found Baydghet's Armour Shoppe.
 32545 | Bazaar   | Found Prikloni's Distillery.
 32558 | Bazaar   | Found Isol's Assorted Antiques.
 32597 | Bazaar   | Bought the +2 hat of the Bear Spirit {Spirit, +Rage rN+ MR++} for 519 gold pieces
 32611 | Bazaar   | Bought 2 potions of heal wounds for 120 gold pieces
 32611 | Bazaar   | Bought a potion of heal wounds for 60 gold pieces
 32611 | Bazaar   | Bought a potion of restore abilities for 60 gold pieces
 32611 | Bazaar   | Bought a potion of curing for 36 gold pieces
 32611 | Bazaar   | Bought a potion of curing for 36 gold pieces
 32611 | Bazaar   | Bought a potion of curing for 36 gold pieces
 32703 | Bazaar   | Bought a book of Necromancy for 390 gold pieces
 32711 | Bazaar   | Learned a level 1 spell: Animate Skeleton
 32715 | Bazaar   | Learned a level 3 spell: Regeneration
 32720 | Bazaar   | Learned a level 4 spell: Animate Dead
 32857 | D:14     | Identified a +3 rod of destruction (13/13) (You found it on level 14 of the Dungeon)
 33168 | D:14     | Gained mutation: You are partially covered in rugged brown scales (AC +1, +3% HP). [potion of beneficial mutation]
 33182 | D:14     | Reached skill level 13 in Dodging
 33267 | D:14     | Found a gate to the Vaults.
 33534 | D:14     | Received a gift from Nemelex Xobeh
 33736 | D:14     | Reached skill level 14 in Dodging
 33815 | D:14     | Found a runed door.
 33816 | D:14     | Found a basalt altar of Yredelemnul.
 33855 | D:14     | Found a blossoming altar of Fedhas.
 33878 | D:14     | Found a sacrificial altar of Ru.
 33919 | D:14     | Found a white marble altar of Elyvilon.
 33942 | D:14     | Found a deep blue altar of Sif Muna.
 33978 | D:14     | Found a deep blue altar of Sif Muna.
 34328 | D:15     | Entered Level 15 of the Dungeon
 34368 | D:15     | Reached skill level 1 in Necromancy
 34444 | D:15     | Found a staircase to the Depths.
 34445 | D:15     | Noticed a fire giant
 34454 | D:15     | Killed a fire giant
 34454 | D:15     | Reached skill level 2 in Necromancy
 34480 | D:15     | Identified a +8 lightning rod (13/13) (You acquired it on level 15 of the Dungeon)
 34600 | D:15     | Received a gift from Nemelex Xobeh
 34686 | D:15     | Reached skill level 3 in Necromancy
 34771 | D:15     | Reached skill level 4 in Necromancy
 34815 | D:15     | Noticed Azrael
 34820 | D:15     | Killed Azrael
 34820 | D:15     | Reached skill level 5 in Necromancy
 35106 | D:15     | Reached skill level 6 in Necromancy
 35106 | D:15     | Reached XP level 16. HP: 98/106 MP: 10/35
 35610 | Shoals:1 | Entered Level 1 of the Shoals
 35854 | Shoals:1 | Received a gift from Nemelex Xobeh
 35864 | Shoals:1 | Reached skill level 7 in Necromancy
 36324 | Shoals:1 | Found Esir's General Store.
 36346 | Shoals:1 | Bought a scroll of recharging for 161 gold pieces
 36346 | Shoals:1 | Bought a potion of haste for 170 gold pieces
 36346 | Shoals:1 | Bought a potion of curing for 51 gold pieces
 36478 | Shoals:1 | Reached skill level 8 in Necromancy
 36685 | Shoals:2 | Received a gift from Nemelex Xobeh
 36939 | Shoals:2 | Cast into the Abyss (siren)
 36939 | Abyss:1  | Found a corrupted altar of Lugonu.
 37097 | Abyss:1  | Reached skill level 9 in Necromancy
 37110 | Abyss:1  | Received a gift from Nemelex Xobeh
 37181 | Abyss:1  | Noticed a tentacled starspawn
 37183 | Shoals:2 | Escaped the Abyss
 37204 | Shoals:2 | Received a gift from Nemelex Xobeh
 37355 | Shoals:2 | Noticed Norris
 37369 | Shoals:2 | Killed Norris
 37369 | Shoals:2 | Reached skill level 10 in Necromancy
 37986 | Shoals:2 | Received a gift from Nemelex Xobeh
 38742 | Shoals:3 | Received a gift from Nemelex Xobeh
 38814 | Shoals:3 | Reached skill level 20 in Evocations
 39644 | Shoals:4 | Received a gift from Nemelex Xobeh
 39989 | Shoals:4 | Received a gift from Nemelex Xobeh
 40005 | Shoals:4 | Found Siuvit's Book Emporium.
 40015 | Shoals:4 | Identified a +5 rod of inaccuracy (5/10) {!a} (You took it off a merfolk javelineer on level 4 of the Shoals)
 41004 | Shoals:5 | Entered Level 5 of the Shoals
 41004 | Shoals:5 | Noticed Ilsuiw
 41005 | Shoals:5 | Noticed Ilsuiw
 41005 | Shoals:5 | Ilsuiw changed into Ilsuiw the sphinx
 41006 | Shoals:5 | Killed Ilsuiw the sphinx
 41012 | Shoals:5 | Reached skill level 21 in Evocations
 41012 | Shoals:5 | Reached XP level 17. HP: 105/111 MP: 34/36
 42280 | Shoals:5 | Received a gift from Nemelex Xobeh
 42439 | Shoals:5 | Got a barnacled rune of Zot
 42777 | Shoals:5 | Reached skill level 22 in Evocations
 43271 | Shoals:5 | Got a crude lapis lazuli ring
 43272 | Shoals:5 | Identified the ring "Lyep" {MR+ Stlth-} (You found it on level 5 of the Shoals)
 43513 | Snake:1  | Entered Level 1 of the Snake Pit
 43617 | Snake:1  | Learned a level 5 spell: Cigotuvi's Embrace
 43760 | Snake:1  | Received a gift from Nemelex Xobeh
 44245 | Snake:1  | Received a gift from Nemelex Xobeh
 44259 | Snake:1  | Found Joosh's General Store.
 44281 | Snake:1  | Bought a wand of teleportation (6) for 450 gold pieces
 44281 | Snake:1  | Bought a plain deck of changes for 210 gold pieces
 44735 | Snake:2  | Reached skill level 23 in Evocations
 45039 | Snake:2  | Received a gift from Nemelex Xobeh
 45542 | Snake:3  | Received a gift from Nemelex Xobeh
 45918 | Snake:3  | Reached skill level 8 in Fighting
 46218 | Snake:3  | Reached XP level 18. HP: 95/120 MP: 11/38
 46286 | Snake:3  | Reached skill level 9 in Fighting
 46575 | Snake:3  | Received a gift from Nemelex Xobeh
 47849 | Snake:4  | Received a gift from Nemelex Xobeh
 47877 | Snake:4  | Reached skill level 10 in Fighting
 48431 | Snake:4  | Reached skill level 11 in Fighting
 48653 | Snake:4  | Reached skill level 1 in Spellcasting
 48783 | Snake:4  | Reached skill level 2 in Spellcasting
 48810 | Snake:4  | Noticed Aizul
 48838 | Snake:4  | Killed Aizul
 48957 | Snake:4  | Reached skill level 3 in Spellcasting
 49003 | Snake:4  | Your ally Aizul died
 49306 | Snake:4  | Reached skill level 4 in Spellcasting
 49620 | Snake:5  | Entered Level 5 of the Snake Pit
 50016 | Snake:5  | Received a gift from Nemelex Xobeh
 50244 | Snake:5  | Reached skill level 12 in Fighting
 51466 | Snake:5  | Upgraded the game from 0.16-a0-3192-g4847bf6 to 0.16-a0-3202-g5da3999
 51531 | Snake:5  | Reached skill level 13 in Fighting
 51559 | Snake:5  | Reached XP level 19. HP: 102/138 MP: 13/39
 52352 | Snake:5  | Got a serpentine rune of Zot
 52767 | Orc:1    | Entered Level 1 of the Orcish Mines
 52810 | Orc:1    | Received a gift from Nemelex Xobeh
 52915 | Orc:1    | Found Imioleam's Armour Boutique.
 52939 | Orc:1    | Received a gift from Nemelex Xobeh
 52947 | Orc:1    | Found a roughly hewn altar of Beogh.
 53189 | Orc:2    | Received a gift from Nemelex Xobeh
 53412 | Orc:3    | Found a staircase to the Elven Halls.
 53440 | Orc:3    | Found Borogru's Antique Armour Emporium.
 53497 | Orc:3    | Found Fremucao's Magic Scroll Emporium.
 53505 | Orc:3    | Bought a scroll of enchant weapon for 112 gold pieces
 53505 | Orc:3    | Bought a scroll of teleportation for 45 gold pieces
 53635 | Orc:3    | Found Pretsox's Book Emporium.
 53940 | Orc:3    | Found a roughly hewn altar of Beogh.
 54010 | Orc:3    | Received a gift from Nemelex Xobeh
 54171 | Orc:3    | Found Seug's General Store.
 54524 | Orc:4    | Entered Level 4 of the Orcish Mines
 54535 | Orc:4    | Found a roughly hewn altar of Beogh.
 54583 | Orc:4    | Received a gift from Nemelex Xobeh
 54600 | Orc:4    | Found a roughly hewn altar of Beogh.
 54613 | Orc:4    | Found Kad Cead's Jewellery Shoppe.
 54752 | Orc:4    | Found a roughly hewn altar of Beogh.
 54830 | Orc:4    | Found a roughly hewn altar of Beogh.
 54904 | Orc:4    | Found a roughly hewn altar of Beogh.
 54921 | Orc:4    | Received a gift from Nemelex Xobeh
 55035 | Orc:4    | Found a roughly hewn altar of Beogh.
 55038 | Orc:4    | Found Wevvepp's Antique Armour Emporium.
 55058 | Orc:4    | Bought a bloodstained shield for 294 gold pieces
 55070 | Orc:4    | Identified the cursed +1 shield of Xoffeh {Str+3 Stlth--} (You bought it in a shop on level 4 of the Orcish Mines)
 55302 | Orc:4    | Found Cruh's Antique Weapon Emporium.
 55302 | Orc:4    | Found a roughly hewn altar of Beogh.
 55316 | Orc:4    | Reached skill level 24 in Evocations
 55330 | Orc:4    | Found Qeaneut's Antique Armour Shoppe.
 56054 | Vaults:1 | Entered Level 1 of the Vaults
 56548 | Orc:3    | Bought a book of Air for 595 gold pieces
 56555 | Orc:3    | Learned a level 2 spell: Repel Missiles
 56555 | Orc:3    | Bought a tome of Destruction for 255 gold pieces
 56575 | Orc:3    | Upgraded the game from 0.16-a0-3202-g5da3999 to 0.16-a0-3212-g68818ff
 56950 | Vaults:1 | Reached skill level 1 in Charms
 56997 | Vaults:1 | Noticed Skoahen the pandemonium lord
 56998 | Vaults:1 | Reached skill level 2 in Charms
 57085 | Vaults:1 | Reached skill level 3 in Charms
 57277 | Vaults:1 | Received a gift from Nemelex Xobeh
 57310 | Vaults:1 | Reached skill level 4 in Charms
 57438 | Vaults:1 | Noticed Skitteq the pandemonium lord
 57448 | Vaults:1 | Reached skill level 5 in Charms
 57732 | Vaults:1 | Reached skill level 6 in Charms
 58179 | Vaults:2 | Noticed Asterion
 58185 | Vaults:2 | Killed Asterion
 58337 | Vaults:2 | Received a gift from Nemelex Xobeh
 58393 | Vaults:2 | Your ally Asterion died
 58442 | Vaults:2 | Reached skill level 7 in Charms
 58606 | Vaults:2 | Noticed Mara
 58612 | Vaults:2 | Noticed Mara
 58612 | Vaults:2 | Mara changed into Mara the hellephant
 58633 | Vaults:2 | Killed Mara the hellephant
 60205 | Vaults:2 | Reached skill level 14 in Fighting
 60212 | Vaults:2 | Reached XP level 20. HP: 147/147 MP: 40/40
 60218 | Vaults:2 | Found Ovituam's Gadget Boutique.
 60761 | Vaults:2 | Noticed Xtahua
 60795 | Vaults:2 | Killed Xtahua
 60874 | Vaults:3 | Received a gift from Nemelex Xobeh
 61218 | Vaults:3 | Reached skill level 15 in Fighting
 61288 | Vaults:3 | Found a staircase to the Crypt.
 61339 | Vaults:3 | Noticed Agnes
 61343 | Vaults:3 | Lost mutation: You are partially covered in rugged brown scales (AC +1, +3% HP). [helix card]
 61343 | Vaults:3 | Gained mutation: You passively map a small area around you. [helix card]
 61348 | Vaults:3 | Killed Agnes
 61362 | Vaults:3 | Received a gift from Nemelex Xobeh
 61549 | Vaults:3 | Your ally Agnes died
 62099 | Vaults:3 | Reached skill level 16 in Fighting
 62683 | Vaults:4 | Received a gift from Nemelex Xobeh
 62740 | Vaults:4 | Identified a potion of resistance
 62803 | Vaults:4 | Noticed Ihix the pandemonium lord
 63015 | Vaults:4 | Reached skill level 17 in Fighting
 64150 | Vaults:4 | Reached XP level 21. HP: 157/157 MP: 40/40
 64532 | Vaults:5 | Entered Level 5 of the Vaults
 64543 | Vaults:4 | Upgraded the game from 0.16-a0-3212-g68818ff to 0.16-a0-3218-g9b393b2
 64597 | Vaults:4 | Reached skill level 18 in Fighting
 64879 | Depths:1 | Entered Level 1 of the Depths
 64885 | Depths:1 | Noticed Puizifuts the pandemonium lord
 64899 | Depths:1 | Received a gift from Nemelex Xobeh
 64973 | Depths:1 | Received a gift from Nemelex Xobeh
 65072 | Depths:1 | Found a gateway to Hell.
 65801 | Depths:1 | Found a one-way gate leading to the halls of Pandemonium.
 66127 | Depths:1 | Got a clouded granite ring
 66128 | Depths:1 | Identified the ring of Ynysuneg {AC+6 Str+5 Int+2} (You found it on level 1 of the Depths)
 66273 | Depths:2 | Upgraded the game from 0.16-a0-3218-g9b393b2 to 0.16-a0-3228-ge148b08
 66294 | Depths:2 | Received a gift from Nemelex Xobeh
 66349 | Depths:2 | Found a runed door.
 68418 | Depths:2 | Reached skill level 25 in Evocations
 68872 | Depths:2 | Got a serpentine lead ring
 68874 | Depths:2 | Identified the ring of the Devil {SustAb rC+ Slay+2} (You found it on level 2 of the Depths)
 69230 | Depths:2 | Found a runed door.
 69312 | Depths:2 | Reached XP level 22. HP: 136/167 MP: 31/42
 69563 | Depths:2 | Reached skill level 26 in Evocations
 69666 | Depths:3 | Received a gift from Nemelex Xobeh
 69959 | Depths:3 | Found a gateway to a ziggurat.
 69969 | Depths:3 | Received a gift from Nemelex Xobeh
 69974 | Depths:3 | Found a one-way gate to the infinite horrors of the Abyss.
 70153 | Depths:3 | Noticed Saint Roka
 70162 | Depths:3 | Noticed Deoguy the pandemonium lord
 70887 | Depths:3 | Reached skill level 27 in Evocations
 71459 | Depths:3 | Reached skill level 15 in Dodging
 71491 | Depths:3 | Killed Saint Roka
 71655 | Depths:4 | Received a gift from Nemelex Xobeh
 71877 | Depths:4 | Reached skill level 16 in Dodging
 71899 | Depths:4 | Found a corrupted altar of Lugonu.
 71957 | Depths:4 | Received a gift from Nemelex Xobeh
 72023 | Depths:4 | Reached XP level 23. HP: 107/172 MP: 36/43
 72381 | Depths:4 | Noticed Jorgrun
 72396 | Depths:4 | Killed Jorgrun
 72439 | Depths:4 | Received a gift from Nemelex Xobeh
 72711 | Depths:5 | Entered Level 5 of the Depths
 72908 | Depths:5 | Reached skill level 17 in Dodging
 73298 | Depths:5 | Received a gift from Nemelex Xobeh
 73532 | Depths:5 | Received a gift from Nemelex Xobeh
 74018 | Depths:5 | Reached skill level 18 in Dodging
 74069 | Depths:5 | Found a gate to the Realm of Zot.
 74751 | Elf:1    | Entered Level 1 of the Elven Halls
 74754 | Elf:1    | Received a gift from Nemelex Xobeh
 75047 | Elf:1    | Received a gift from Nemelex Xobeh
 75057 | Elf:1    | Noticed Hiall the pandemonium lord
 75333 | Elf:1    | Received a gift from Nemelex Xobeh
 75334 | Elf:1    | Upgraded the game from 0.16-a0-3228-ge148b08 to 0.16-a0-3250-g88dccf0
 75784 | Elf:2    | Reached skill level 19 in Dodging
 75828 | Elf:2    | Found Jilain's Magic Scroll Shop.
 75840 | Elf:2    | Bought a scroll of enchant weapon for 82 gold pieces
 75840 | Elf:2    | Bought a scroll of enchant weapon for 82 gold pieces
 75840 | Elf:2    | Bought a scroll of enchant weapon for 82 gold pieces
 75840 | Elf:2    | Bought a scroll of recharging for 104 gold pieces
 75840 | Elf:2    | Bought a scroll of teleportation for 33 gold pieces
 75840 | Elf:2    | Bought a scroll of teleportation for 33 gold pieces
 75914 | Elf:2    | Received a gift from Nemelex Xobeh
 76331 | Elf:2    | Found a huge runed gate.
 76332 | Elf:2    | Found a huge runed gate.
 76334 | Elf:2    | Found a huge runed gate.
 76334 | Elf:2    | Found a huge runed gate.
 76334 | Elf:2    | Found a huge runed gate.
 76555 | Elf:3    | Entered Level 3 of the Elven Halls
 76555 | Elf:3    | Found Moiwupna's Jewellery Boutique.
 76687 | Elf:3    | Received a gift from Nemelex Xobeh
 77458 | Elf:3    | Reached XP level 24. HP: 149/179 MP: 40/43
 77748 | Elf:3    | Reached skill level 20 in Dodging
 80429 | Vaults:5 | Received a gift from Nemelex Xobeh
 80667 | Vaults:5 | Noticed an ancient lich
 80671 | Vaults:5 | Reached skill level 21 in Dodging
 80691 | Vaults:5 | Killed an ancient lich
 81434 | Vaults:5 | Reached skill level 22 in Dodging
 81837 | Vaults:5 | Received a gift from Nemelex Xobeh
 81863 | Vaults:5 | Reached XP level 25. HP: 177/185 MP: 25/44
 82031 | Vaults:5 | Got a silver rune of Zot
 82210 | Vaults:5 | Noticed a golden dragon
 82219 | Vaults:5 | Killed a golden dragon
 82367 | Vaults:5 | Reached skill level 23 in Dodging
 82770 | Vaults:5 | Received a gift from Nemelex Xobeh
 83987 | Orc:4    | Bought an uncursed amulet of resist mutation for 680 gold pieces
 84384 | Depths:3 | Upgraded the game from 0.16-a0-3250-g88dccf0 to 0.16-a0-3260-g19c2095
 84517 | Zot:1    | Entered Level 1 of the Realm of Zot
 84711 | Zot:1    | Reached skill level 11 in Necromancy
 84919 | Zot:1    | Received a gift from Nemelex Xobeh
 85045 | Zot:1    | Reached skill level 12 in Necromancy
 85256 | Zot:1    | Reached skill level 5 in Spellcasting
 85330 | Zot:1    | Reached skill level 6 in Spellcasting
 85641 | Zot:1    | Reached skill level 7 in Spellcasting
 86212 | Zot:2    | Reached skill level 8 in Spellcasting
 86531 | Zot:2    | Reached XP level 26. HP: 175/188 MP: 41/44
 86643 | Zot:2    | Received a gift from Nemelex Xobeh
 86755 | Zot:2    | Reached skill level 9 in Spellcasting
 86886 | Zot:2    | Reached skill level 10 in Spellcasting
 87745 | Zot:2    | Reached skill level 11 in Spellcasting
 88114 | Zot:3    | Reached skill level 12 in Spellcasting
 88138 | Zot:3    | Received a gift from Nemelex Xobeh
 89278 | Zot:3    | Reached skill level 13 in Spellcasting
 89343 | Zot:3    | Received a gift from Nemelex Xobeh
 90072 | Zot:3    | Reached skill level 14 in Spellcasting
 91724 | Zot:4    | Received a gift from Nemelex Xobeh
 91823 | Zot:4    | Reached skill level 13 in Necromancy
 92045 | Zot:4    | Received a gift from Nemelex Xobeh
 92138 | Zot:4    | Reached XP level 27. HP: 194/194 MP: 45/45
 92157 | Zot:4    | Reached skill level 14 in Necromancy
 92890 | Zot:5    | Entered Level 5 of the Realm of Zot
 93427 | Zot:5    | Reached skill level 15 in Necromancy
 93489 | Zot:5    | Received a gift from Nemelex Xobeh
 93753 | Zot:5    | Reached skill level 16 in Necromancy
 93833 | Zot:5    | Noticed an ancient lich
 93862 | Zot:5    | Killed an ancient lich
 94004 | Zot:5    | Received a gift from Nemelex Xobeh
 94043 | Zot:5    | Noticed an orb of fire
 94048 | Zot:5    | Noticed an orb of fire
 94457 | Zot:5    | Reached skill level 17 in Necromancy
 94524 | Zot:5    | Noticed an ancient lich
 94554 | Zot:5    | Killed an ancient lich
 95158 | Depths:2 | Identified the Handbook of the Oath and Confrontation (You found it on level 2 of the Depths)
 95646 | Elf:1    | Identified the Disquisition on Stolen Souls (You found it on level 1 of the Elven Halls)
 95654 | Elf:1    | Learned a level 6 spell: Death Channel
 95847 | Elf:3    | Identified the Handbook of Toxic Battle Magic (You found it on level 3 of the Elven Halls)
 95854 | Elf:3    | Identified Viyziblu's Collected Works on Unholy Arcane Weapons (You found it on level 3 of the Elven Halls)
 96297 | Shoals:4 | Bought a Necronomicon for 1987 gold pieces
 96308 | Shoals:4 | Learned a level 8 spell: Necromutation
 96317 | Shoals:4 | Learned a level 8 spell: Death's Door
 96325 | Shoals:4 | Learned a level 7 spell: Haunt
 96334 | Shoals:4 | Learned a level 8 spell: Borgnjor's Revivification
 96614 | Lair:7   | Learned a level 6 spell: Haste
 96642 | Lair:7   | Upgraded the game from 0.16-a0-3260-g19c2095 to 0.16-a0-3303-g3c4fcab
 97503 | Zot:5    | Noticed an orb of fire
 97503 | Zot:5    | Gained mutation: You have difficulty communicating with the divine. [an orb of fire]
 97535 | Zot:5    | an orb of fire (ally) was killed
 97618 | Zot:5    | Noticed an ancient lich
 97634 | Zot:5    | Killed an ancient lich
 97899 | Zot:5    | Noticed an orb of fire
 97910 | Zot:5    | Killed an orb of fire
 97910 | Zot:5    | Reached skill level 18 in Necromancy
 97965 | Zot:5    | Killed an orb of fire
 98168 | Zot:5    | Killed an orb of fire
 98176 | Zot:5    | Noticed an orb of fire
 98198 | Zot:5    | Killed an orb of fire
 98224 | Zot:5    | HP: 12/195 [acid (18)]
 98229 | Zot:5    | HP: 13/195 [yellow draconian monk/splash of acid (1)]
 98229 | Zot:5    | Splashed by a yellow draconian monk's acid

Vanquished Creatures
  4 orbs of fire (Zot:5)
  4 ancient liches
  Saint Roka (Depths:3)
  4 Killer Klowns
  5 curse toes
  11 golden dragons
  Xtahua (Vaults:2)
  2 hellephants
  An electric golem (Zot:5)
  8 Orb Guardians (Zot:5)
  6 caustic shrikes
  13 tentacled monstrosities
  3 titans
  A deep elf master archer (Elf:3)
  2 deep elf blademasters (Elf:3)
  4 liches
  3 octopode crushers
  A quicksilver dragon (Depths:5)
  14 shadow dragons
  4 draconian monks
  7 tengu reavers
  8 storm dragons
  11 fire giants
  11 greater nagas
  6 deep elf sorcerers
  8 sphinxes
  6 ghost moths
  2 iron dragons
  9 frost giants
  2 draconian knights
  2 orc warlords
  9 vault wardens
  6 draconian scorchers
  An emperor scorpion (Depths:1)
  2 draconian zealots
  19 stone giants
  Jorgrun (Depths:4)
  A balrug (Depths:2)
  4 draconian annihilators
  2 spriggan defenders (Depths:5)
  9 draconian shifters
  5 grey draconians
  3 draconian callers
  4 vampire knights
  4 very ugly things
  10 deep elf demonologists
  6 green draconians
  A salamander firebrand (Zot:1)
  8 black draconians
  9 rakshasas
  Azrael (D:15)
  7 pale draconians
  7 mottled draconians
  3 purple draconians
  5 yellow draconians
  9 deep elf annihilators (Elf:3)
  7 dire elephants
  8 red draconians
  3 small abominations
  9 deep elf death magi
  7 white draconians
  5 great orbs of eyes
  4 merfolk javelineers
  3 vault guards
  4 merfolk impalers
  3 minotaurs
  9 ettins
  20 fire dragons
  The ghost of Miyamura the Grappler, a powerful TrWz of Qazlal (Lair:1)
  4 yaktaur captains
  3 deep elf high priests
  A caustic shrike skeleton (Depths:2)
  13 ironheart preservers
  13 ice dragons
  17 hydras
  10 death cobs
  15 naga warriors
  3 spriggan air magi
  8 centaur warriors
  2 alligator snapping turtles
  A merfolk avatar (Shoals:1)
  7 anacondas
  3 dancing weapons (Elf:2)
  2 deep troll shamans
  22 death yaks
  4 merfolk aquamancers
  3 alligators (Vaults:5)
  A deep troll earth mage (Depths:2)
  10 ogre magi
  A satyr (Shoals:3)
  5 tengu warriors
  8 spriggan berserkers
  6 shock serpents
  3 orc high priests
  A soul eater (IceCv)
  A thrashing horror (Abyss:1)
  A sun demon (Elf:2)
  4 naga sharpshooters
  3 catoblepae
  A storm dragon zombie (Depths:2)
  2 shadow wraiths
  21 deep elf knights
  A wretched star (Abyss:1)
  A skeletal warrior (Vaults:2)
  2 salamander mystics (Snake:5)
  2 hell knights (Depths:2)
  A sea snake (shapeshifter) (Vaults:5)
  5 unseen horrors
  12 sea snakes
  A gelid demonspawn (Depths:2)
  3 ice devils
  A fire crab (Vaults:2)
  2 flayed ghosts
  8 deep trolls
  9 harpies
  2 ice statues (IceCv)
  11 deep elf summoners
  2 death drakes (Zot:3)
  9 naga ritualists
  3 swamp dragons (Depths:4)
  An obsidian statue (Depths:2)
  13 hill giants
  13 ironbrand convokers
  4 large abominations (Elf:1)
  5 necromancers
  A wolf spider zombie (D:13)
  2 golden dragon skeletons (Depths:2)
  15 orc knights
  A manticore (shapeshifter) (Vaults:4)
  A sphinx zombie (Vaults:4)
  10 griffons
  2 deathcaps (Zot:4)
  An iron dragon zombie (Depths:2)
  8 mana vipers
  A stone giant zombie (Depths:2)
  10 deep elf conjurers
  4 oklob plants (Depths:3)
  6 wizards
  44 ugly things
  A human zombie (Vaults:4)
  A tengu skeleton (Vaults:4)
  5 water nymphs
  A sphinx skeleton (Depths:2)
  A salamander (shapeshifter) (D:14)
  A faun (shapeshifter) (Vaults:4)
  An orc sorcerer (Orc:3)
  8 wolf spiders
  A red wasp (Vaults:1)
  3 phantasmal warriors (Vaults:5)
  14 elephants
  2 sixfirhies
  A moth of wrath (shapeshifter) (D:14)
  24 moths of wrath
  12 cyclopes
  14 salamanders
  2 human skeletons (Vaults:4)
  A minotaur zombie (Vaults:2)
  An eye of devastation (Shoals:5)
  7 manticores
  5 guardian serpents
  Maurice (D:9)
  A queen ant (Vaults:5)
  A centaur zombie (D:13)
  Joseph (D:10)
  11 fauns
  A drowned soul (Shoals:2)
  5 sirens
  3 torpor snails
  14 vault sentinels
  A kobold demonologist (Vaults:3)
  A black mamba (shapeshifter) (Depths:3)
  13 spiny frogs
  A gargoyle (D:11)
  An orange crystal statue (Depths:1)
  26 black mambas
  3 orange demons
  7 centaur skeletons
  A hellion (Depths:1)
  Psyche (D:10)
  15 naga magi
  An emperor scorpion zombie (Depths:1)
  15 yaktaurs
  7 komodo dragons
  A yaktaur (shapeshifter) (Depths:1)
  2 fire drakes (shapeshifter)
  4 freezing wraiths
  An elf (shapeshifter) (Vaults:5)
  25 merfolk
  8 deep elf priests
  4 fire drakes
  3 tengu conjurers
  3 wind drakes
  2 polar bears
  A red devil (Depths:5)
  3 blue devils (IceCv)
  8 trolls
  3 giant leeches
  2 blink frogs (shapeshifter)
  A queen bee (Lair:1)
  18 two-headed ogres
  A boulder beetle (Vaults:3)
  15 ravens
  24 blink frogs
  A wind drake (shapeshifter) (Depths:5)
  An ettin zombie (Depths:2)
  3 snapping turtles (Shoals:2)
  2 basilisks
  8 wandering mushrooms
  11 slime creatures
  7 air elementals
  24 humans
  3 vampires
  6 trapdoor spiders (Depths:3)
  26 deep elf magi
  2 spriggans
  7 water elementals
  2 shadows
  6 wyverns
  2 chaos spawn
  44 yaks
  3 hungry ghosts
  Eustachio (D:4)
  3 fire elementals (D:15)
  A hog (shapeshifter) (Elf:2)
  A yak (shapeshifter) (Depths:4)
  11 fire bats
  3 wraiths (D:14)
  7 vampire mosquitoes
  2 neqoxecs
  35 deep elf fighters
  A ynoxinul (Depths:5)
  2 swamp worms (Depths:4)
  20 wolves
  36 killer bees
  9 hippogriffs
  Menkaure (D:7)
  An insubstantial wisp (D:14)
  4 wargs
  A deep troll zombie (Depths:1)
  2 hell hounds (D:15)
  50 nagas
  A mottled dragon (shapeshifter) (Elf:1)
  2 mottled dragons
  5 sky beasts
  15 ice beasts
  A black bear (shapeshifter) (Depths:3)
  A soldier ant (D:13)
  6 porcupines
  3 swamp drakes
  A sky beast (shapeshifter) (Vaults:4)
  55 orc warriors
  28 water moccasins
  4 yellow wasps
  2 black bears
  A necrophage (D:5)
  2 phantoms
  A tengu (shapeshifter) (D:15)
  48 ogres
  7 boggarts
  15 centaurs
  A boring beetle (Depths:3)
  3 brain worms
  18 crocodiles
  2 lost souls
  22 giant frogs
  Blork the orc (D:6)
  5 big kobolds
  2 scorpions
  2 wyvern skeletons
  3 vampire bats (D:8)
  2 electric eels (D:9)
  19 wights
  7 jellies
  A yellow wasp zombie (D:9)
  5 crimson imps
  2 quasits
  2 giant frog skeletons
  33 orc wizards
  A draconian simulacrum (IceCv)
  2 elf skeletons (Elf:3)
  11 iguanas
  16 worker ants
  19 hounds
  2 iron imps (Depths:2)
  2 elf zombies
  26 orc priests
  A gnoll shaman (Orc:4)
  2 hell rats (Lair:2)
  A spriggan simulacrum (IceCv)
  A troll simulacrum (IceCv)
  15 sheep
  3 ogre zombies (Vaults:2)
  A centaur simulacrum (IceCv)
  2 naga skeletons (Depths:3)
  A mummy (D:11)
  A hound skeleton (D:4)
  A worker ant zombie (D:8)
  12 gnolls
  54 river rats
  5 shadow imps
  25 adders
  4 giant mites
  4 naga simulacra (IceCv)
  A white imp (Depths:2)
  2 worms (D:2)
  An ufetubus (Depths:2)
  2 orc skeletons
  2 adder skeletons
  2 giant geckos
  2 oozes (D:1)
  153 orcs
  90 bats
  5 bat skeletons
  3 bat zombies (D:8)
  5 giant cockroaches
  16 goblins
  17 hobgoblins
  12 jackals
  22 kobolds
  3 ball pythons
  A giant gecko skeleton (D:5)
  A giant newt (D:5)
  2 giant spores
  10 orc zombies (Orc:4)
  15 quokkas
  A quokka zombie (D:8)
  20 rats
  3 ballistomycetes
  6 fungi
  3 plants
2454 creatures vanquished.

Vanquished Creatures (collateral kills)
  Norris (Shoals:2)
  A curse toe (Zot:4)
  A golden dragon (Depths:3)
  A caustic shrike (Depths:3)
  4 tentacled monstrosities
  An Orb Guardian (Zot:5)
  Asterion (Vaults:2)
  2 liches
  A titan (Vaults:5)
  Agnes (Vaults:3)
  3 tengu reavers
  2 storm dragons
  A greater naga (Snake:5)
  4 iron dragons
  5 fire giants
  2 frost giants
  A vault warden (Vaults:3)
  2 deep elf sorcerers
  Aizul (Snake:4)
  2 spriggan defenders (Depths:4)
  3 stone giants
  3 very ugly things
  A salamander firebrand (Zot:1)
  A draconian caller (Zot:5)
  A grey draconian (Zot:1)
  A black draconian (Zot:2)
  2 dire elephants
  2 deep elf demonologists
  A purple draconian (Zot:1)
  5 deep elf annihilators
  A red draconian (Zot:3)
  2 yellow draconians
  A dire elephant (shapeshifter) (Vaults:5)
  6 ettins
  4 merfolk javelineers
  4 deep elf death magi
  3 vault guards
  4 yaktaur captains
  11 fire dragons
  A hell beast (Elf:3)
  5 great orbs of eyes
  2 minotaurs
  9 ice dragons
  A deep elf high priest (Depths:3)
  4 ironheart preservers
  A hydra (Depths:4)
  4 naga warriors
  A centaur warrior (Vaults:1)
  A monstrous demonspawn (Depths:1)
  A ghost crab (Zot:3)
  A spriggan air mage (Depths:5)
  2 deep troll earth magi
  A satyr (Shoals:5)
  5 merfolk avatars
  An anaconda (shapeshifter) (Vaults:2)
  7 anacondas
  2 alligators
  3 ogre magi
  8 death yaks
  2 dancing weapons (Vaults:5)
  A spriggan berserker (Depths:4)
  5 naga sharpshooters
  4 deep troll shamans
  4 shock serpents
  A sun demon (Elf:3)
  5 deep elf knights
  A hell knight (Depths:2)
  An unseen horror (Vaults:1)
  A salamander mystic (Snake:5)
  A fire crab (Vaults:4)
  6 sea snakes
  3 naga ritualists
  3 ironbrand convokers
  16 deep trolls
  A death drake (Shoals:5)
  3 orc knights
  3 necromancers
  4 deathcaps
  2 deep elf conjurers (Elf:2)
  4 mana vipers
  2 red wasps
  2 harpies
  14 ugly things
  7 griffons
  2 hill giants
  An ugly thing zombie (Vaults:4)
  3 wolf spiders
  2 fauns
  4 salamanders
  2 water nymphs
  A dire elephant zombie (Depths:3)
  4 sirens
  2 moths of wrath
  A drowned soul (Shoals:5)
  A centaur zombie (D:15)
  10 black mambas
  A fire giant skeleton (Vaults:4)
  A stone giant skeleton (Vaults:4)
  3 vault sentinels
  5 naga magi
  A torpor snail (Shoals:5)
  A death yak zombie (Depths:2)
  A demonic crawler (Elf:2)
  A yaktaur zombie (Vaults:4)
  6 yaktaurs
  A queen ant (Vaults:5)
  5 centaurs
  3 deep elf priests
  2 kobold demonologists (Vaults:3)
  18 merfolk
  9 wandering mushrooms
  A troll (Depths:3)
  2 redbacks (Vaults:5)
  A giant leech (Vaults:5)
  A two-headed ogre (Vaults:3)
  2 freezing wraiths
  6 ravens
  2 air elementals (Depths:3)
  2 snapping turtles
  5 wind drakes
  A raven (shapeshifter) (Vaults:5)
  A trapdoor spider (Depths:3)
  A boulder beetle (Vaults:3)
  2 spriggans
  8 slime creatures
  3 water elementals
  3 hippogriffs
  2 deep elf magi
  A black mamba skeleton (Snake:4)
  A vampire (Depths:1)
  A chaos spawn (Depths:1)
  5 deep elf fighters
  4 wraiths
  A human (Zot:4)
  A large abomination (Elf:1)
  4 fire bats (D:14)
  21 nagas
  3 vampire mosquitoes
  6 water moccasins
  2 wargs
  A hell hound (D:15)
  7 orc warriors
  An ice beast (shapeshifter) (Vaults:5)
  A necrophage (D:15)
  5 boggarts
  4 ogres (Vaults:3)
  A yellow wasp (Depths:4)
  A human zombie (Vaults:4)
  A vampire mosquito zombie (Vaults:3)
  Sigmund (D:6)
  An ice beast (D:15)
  An elf zombie (Elf:1)
  2 big kobolds (Vaults:3)
  A naga skeleton (Snake:3)
  A scorpion (shapeshifter) (Depths:3)
  A water moccasin skeleton (Snake:4)
  A scorpion (D:9)
  6 killer bees
  12 orc priests
  7 orc wizards
  A centaur skeleton (D:9)
  A hell rat (Elf:2)
  A sheep (D:13)
  A worker ant (D:14)
  A naga zombie (Snake:4)
  2 big kobold zombies (Vaults:3)
  2 orc zombies
  A white imp (Depths:2)
  A giant mite (Depths:3)
  18 orcs
  13 bats (D:14)
  A bat zombie (D:7)
  2 kobolds (Vaults:3)
  A goblin (Orc:2)
  A fungus (Elf:3)
536 creatures vanquished.

Vanquished Creatures (others)
  An orb of fire (Zot:5)
  A tentacled monstrosity (Zot:2)
  A quicksilver dragon (Depths:5)
  A lich (Depths:4)
  An eldritch tentacle (Depths:3)
  A fire giant (Zot:1)
  A draconian scorcher (Zot:3)
  A deep elf sorcerer (Elf:3)
  2 very ugly things
  A salamander firebrand (Elf:3)
  2 elemental wellsprings
  A player illusion (Lair:8)
  A pale draconian (Zot:2)
  2 caustic shrike zombies (Depths:3)
  2 very ugly thing zombies
  A fire dragon (Zot:2)
  A rakshasa (Snake:3)
  An ice dragon (Vaults:3)
  A yaktaur captain (Depths:2)
  3 centaur warriors
  An ogre mage (Vaults:3)
  4 dancing weapons
  A titan zombie (Depths:2)
  A soul eater (Depths:2)
  A guardian serpent skeleton (Snake:4)
  A storm dragon zombie (Zot:1)
  3 naga sharpshooters
  3 shock serpents
  A storm dragon skeleton (Zot:4)
  6 golden dragon zombies
  4 flayed ghosts
  3 shadow dragon zombies
  4 anaconda skeletons
  3 sphinx zombies
  16 ugly thing zombies
  A wolf spider zombie (Depths:3)
  A mana viper (Zot:3)
  An iron dragon zombie (Depths:3)
  3 fire giant zombies
  2 sphinx skeletons
  A shadow dragon skeleton (Zot:2)
  A moth of wrath (Zot:1)
  4 stone giant zombies
  9 draconian zombies
  5 fauns
  2 ugly things
  An octopode zombie (Depths:2)
  2 ugly thing skeletons (D:14)
  3 frost giant zombies
  A centaur zombie (Depths:2)
  3 draconian skeletons
  A molten gargoyle (Snake:3)
  A dire elephant zombie (Depths:1)
  22 drowned souls
  4 stone giant skeletons
  A fire giant skeleton (D:15)
  A smoke demon (Elf:3)
  A hellion (Vaults:1)
  A yaktaur (shapeshifter) (Elf:3)
  2 mottled draconian zombies
  A red draconian zombie (Depths:5)
  9 death yak zombies
  A green draconian zombie (Zot:5)
  2 redback zombies (Vaults:5)
  2 black draconian zombies
  A tormentor (Depths:3)
  2 purple draconian skeletons (Zot:1)
  2 pale draconian skeletons
  A yellow draconian skeleton (Zot:4)
  A red draconian skeleton (Zot:3)
  2 black draconian skeletons (Zot:2)
  7 sea snake skeletons
  2 grey draconian skeletons
  2 hydra zombies (Depths:4)
  A wind drake (Snake:3)
  A white draconian skeleton (Zot:2)
  2 harpy zombies (Vaults:3)
  A guardian serpent zombie (Snake:4)
  2 harpy skeletons (Shoals:2)
  A fire vortex (Vaults:1)
  A polar bear (Snake:3)
  8 moth of wrath zombies
  11 ravens
  A red wasp zombie (Vaults:1)
  12 fire dragon zombies
  7 spriggan zombies
  A boulder beetle (Vaults:3)
  4 ice dragon zombies
  12 merfolk skeletons
  6 human zombies
  A raiju (Shoals:4)
  5 ettin zombies
  A redback (Zot:5)
  5 ice dragon skeletons
  2 deep elf magi (Elf:2)
  A water elemental (Elf:3)
  4 air elementals
  A black mamba zombie (Snake:5)
  2 griffon skeletons
  A hill giant zombie (Depths:3)
  A tarantella (Zot:5)
  8 black mamba skeletons
  A wind drake skeleton (Shoals:1)
  3 spriggan skeletons
  2 hill giant skeletons
  6 vampire mosquitoes
  8 deep troll zombies
  A deep elf fighter (Elf:3)
  7 raven zombies
  A raven skeleton (Depths:4)
  3 tengu zombies
  2 deep troll skeletons
  A mottled dragon (Shoals:4)
  An ogre skeleton (Vaults:5)
  A water nymph skeleton (Shoals:5)
  An ice beast (Shoals:4)
  2 elephant zombies (Zot:4)
  16 killer bees
  17 elf zombies
  A vampire mosquito zombie (Vaults:3)
  A centaur (Lair:8)
  A manticore skeleton (Shoals:5)
  5 snapping turtle skeletons
  A torpor snail zombie (Depths:1)
  10 yellow wasps (Depths:4)
  A fire crab zombie (Vaults:2)
  2 yaktaur zombies
  2 salamander zombies (Snake:5)
  6 lost souls
  3 salamander skeletons
  2 yaktaur skeletons
  A warg zombie (Depths:3)
  A water moccasin zombie (Snake:5)
  A hell hound skeleton (D:15)
  3 water moccasin skeletons
  An electric eel (D:9)
  A boring beetle zombie (Depths:3)
  A quasit (D:9)
  2 two-headed ogre zombies (Vaults:3)
  A yellow wasp zombie (Depths:5)
  A kobold zombie (Vaults:3)
  A centaur skeleton (D:11)
  A two-headed ogre skeleton (Vaults:2)
  23 human skeletons
  11 elf skeletons
  18 ogre zombies
  25 naga zombies
  A mottled dragon skeleton (Vaults:2)
  6 naga skeletons
  9 orc skeletons
  28 orc zombies
  A sheep skeleton (Shoals:1)
  2 bat skeletons (D:14)
  2 giant mite zombies (Depths:3)
  A kobold (D:14)
  A giant spore (D:15)
  A goblin zombie (Orc:3)
  A block of ice (Vaults:4)
  153 eldritch tentacle segments (Depths:3)
  4 plants
700 creatures vanquished.

Grand Total: 3690 creatures vanquished
